 Dungeon Crawl Stone Soup version 0.31-a0-968-g24f9ace8b5 (webtiles) character file.

Game seed: 5977206012908644986

27 Pixllover the Changeling (level 3, -10/26 HPs)
             Began as a Merfolk Shapeshifter on Oct 27, 2023.
             Was a Believer of Jiyva.
             Mangled by Jessica
             ... wielding a +0 dagger of electrocution
              (17 damage)
             ... on level 2 of the Dungeon.
             The game lasted 00:01:17 (634 turns).

Pixllover the Changeling (Merfolk Shapeshifter)      Turns: 634, Time: 00:01:17

Health: -10/26     AC:  2    Str: 16    XL:     3   Next: 10%
Magic:  3/3        EV: 12    Int:  9    God:    Jiyva [**....]
Gold:   35         SH:  0    Dex: 13    Spells: 2/2 levels left

rFire   . .          .
                       - Unarmed
rCold   . . .        (no shield)
rNeg    . . .        a - +0 animal skin
rPois   .            (helmet currently unavailable)
rElec   .            (cloak currently unavailable)
rCorr   +            (gloves currently unavailable)
SInv    .            (boots currently unavailable)
Will    .....        (no amulet)
Stlth   +            (no ring)
HPRegen 1.20/turn    (no ring)
MPRegen 0.38/turn

%: no passive effects
@: beast-form
A: beast (slay +2), (nimble swimmer 2), mertail
a: Begin Untransformation, Renounce Religion


You were on level 2 of the Dungeon.
You worshipped Jiyva.
Jiyva was pleased with you.
You were a hulking beast.
You visited 1 branch of the dungeon, and saw 2 of its levels.

You collected 35 gold pieces.

Inventory:

Armour
 a - a +0 animal skin (worn)
Talismans
 c - a beast talisman
 d - a flux talisman
Scrolls
 g - a scroll of fog {unknown}
Potions
 b - a potion of lignification
 e - a potion of curing {unknown}
 f - 2 potions of ambrosia {unknown}
 h - a potion of berserk rage {unknown}


   Skills:
 + Level 1.1 Fighting
 + Level 2.8 Dodging
 + Level 0.2 Stealth
 + Level 4.0 Unarmed Combat
 + Level 4.5 Shapeshifting


You had 2 spell levels left.
You didn't know any spells.
Your spell library contained the following spells:

 Spells                   Type           Power      Damage    Failure   Level
 Shock                    Conj/Air       0%         1d3       38%         1
 Swiftness                Air            0%         N/A       77%         3
 Airstrike                Air            0%         2d(0-16)  99%         4


Dungeon Overview and Level Annotations

Branches:
Dungeon (2/15)

Altars:
Jiyva

Annotations:
D:2 Jessica


Innate Abilities, Weirdness & Mutations

You are a hulking beast.
Your limbs bulge with bestial killing power. (Slay +2)
((You are very nimble when in or above water. (Stealth+, EV+, Speed+++)))
Your lower body shifts to a powerful aquatic tail in water.


Message History

You kill the giant cockroach!
You hear a distant slurping noise.
You hear a distant slurping noise.
You swap places.
Jiyva gurgles merrily.
Jiyva is now protecting you from corrosive effects.
You hear a distant slurping noise.
Found a stone staircase leading down.
You swap places.
There is a stone staircase leading down here.
Done exploring.
There is a stone staircase leading down here.
You can't go up here!
You climb downwards.
Jiyva gurgles merrily.
Found a fuming purple potion and an emerald potion.
There is a stone staircase leading up here.
A bat comes into view.
Jessica hits you with a +0 dagger of electrocution.
You are electrocuted!
Jessica barely misses you.
You hit Jessica.
Jessica is moderately wounded.
You closely miss Jessica.
Jessica is moderately wounded.
Jessica casts a spell.
Jessica seems to speed up.
You barely miss Jessica.
Jessica is moderately wounded.
The bat misses you. The bat closely misses you. Jessica closely misses you.
Jessica hits you with a +0 dagger of electrocution.
You closely miss Jessica.
Jessica is moderately wounded.
The bat closely misses you. The bat misses you.
You hear a distant slurping noise.
Jessica hits you with a +0 dagger of electrocution.
* * * LOW HITPOINT WARNING * * *
You are electrocuted!
Ouch! That really hurt!
You die...

##+## ##...##
##.....##
#..<.h..#
#.....@b......
+........!....
#.........##.#
##........# #
##..!..#.#
##...##.#
##+## .#


You could see Jessica (fast) and a bat.

Vanquished Creatures
  A gnoll (D:1)
  4 bats (D:1)
  An endoplasm (D:1)
  2 giant cockroaches (D:1)
  A goblin (D:1)
  2 quokkas (D:1)
  A ball python (D:1)
  2 frilled lizards (D:1)
  2 kobolds (D:1)
  2 rats (D:1)
18 creatures vanquished.

Vanquished Creatures (others)
  A dart slug (D:1)
  A ball python (D:1)
  A kobold (D:1)
  A rat (D:1)
4 creatures vanquished.

Grand Total: 22 creatures vanquished

Notes
Turn   | Place    | Note
-------+----------+-------------------------------------------
     0 | D:1      | Pixllover the Merfolk Shapeshifter began the quest for the
                  | Orb.
     0 | D:1      | Reached XP level 1. HP: 15/15 MP: 1/1
    96 | D:1      | Found a faded altar of an unknown god.
   101 | D:1      | Prayed at the altar of an unknown god.
   101 | D:1      | Became a worshipper of Jiyva Jarghakl the Shapeless
   101 | D:1      | Reached * piety under Jiyva
   129 | D:1      | Reached XP level 2. HP: 18/21 MP: 2/2
   349 | D:1      | Reached XP level 3. HP: 26/26 MP: 3/3
   530 | D:1      | Reached ** piety under Jiyva
   628 | D:2      | Noticed Jessica
   634 | D:2      | Mangled by Jessica

Illustrated notes

Levels and vault maps discovered:
D:1:      psy_arrival_dodecagon, layout_loops_ring, basic_ecumenical_altar
D:2:      cheibrodos_pilgrimage, layout_loops_corners,
          wander_ebering_terrifying_dragon_lair, uniq_sigmund, uniq_jessica

Skill      XL: |  1  2 |
---------------+-------+-----
Unarmed Combat | 4 |  4.0
Fighting       | |  1.1
Dodging        | |  2.8
Stealth        | |  0.2
Shapeshifting  | |  4.5

Action                     || total
---------------------------++-------
  Melee: Unarmed           ||    60
         Punch             ||     1
   Stab: Sleeping          ||     1
 Armour: Animal skin       ||    32
  Dodge: Dodged            ||    43

Table legend: (Time is in decaauts)
 A = Elapsed time spent in this place.
 B = Non-inter-level travel time spent in this place.
 C = Inter-level travel time spent in this place.
 D = Time resting spent in this place.
 E = Time spent auto-exploring this place.
 F = Levels seen in this place.
 G = Mean time per level.
                   A        B        C        D        E       F      G
               +--------+--------+--------+--------+--------+-----+--------+
         Total |    629 |    629 |      0 |     27 |    397 |   2 |  314.5 |
       Dungeon |    629 |    629 |      0 |     27 |    397 |   2 |  314.5 |
               +--------+--------+--------+--------+--------+-----+--------+

Top non-repeatable levels by time:
     D:1: 623 daAuts
     D:2: 5 daAuts
